 Dungeon Crawl Stone Soup version 0.18.1-8-gdd0e5ea (webtiles) character file.

1072 Jerry the Basher (level 7, -5/56 HPs)
             Began as a Demigod Fighter on May 24, 2016.
             Killed by nerve-wracking pain
             ... invoked by a shadow imp
              (13 damage)
             ... on level 5 of the Dungeon.
             The game lasted 00:15:01 (6527 turns).

Jerry the Basher (Demigod Fighter)                  Turns: 6527, Time: 00:15:01

Health: -5/56      AC:  1    Str: 28    XL:     7   Next: 80%
Magic:  18/18      EV:  7    Int: 12    God:
Gold:   314        SH: 10    Dex: 15    Spells: 0 memorised, 6 levels left

rFire  . . .     SeeInvis .     w - +0 mace
rCold  . . .     Gourm    .     b - +0 scale mail
rNeg   . . .     Faith    .     c - +0 shield
rPois  .         Spirit   .     d - +0 helmet
rElec  .         Dismiss  .     (no cloak)
rCorr  .         Reflect  .     (no gloves)
SustAt +         Harm     .     y - +0 pair of boots
MR     .....                    (no amulet)
Stlth  ..........               (no ring)
                                j - ring of magical power

@: mighty, corroded, not resistant to hostile enchantments, extremely unstealthy
A: high mp 1, sustain attributes
a: no special abilities


You were on level 5 of the Dungeon.
You were not hungry.

You visited 1 branch of the dungeon, and saw 5 of its levels.
You also visited: Sewer.

You collected 314 gold pieces.

Inventory:

Hand Weapons
 a - a +0 flail
 n - a +0 whip
 t - a +0 mace
 w - a +0 mace (weapon)
Armour
 b - a +0 scale mail (worn)
 c - a +0 shield (worn)
 d - a +0 helmet (worn)
 y - a +0 pair of boots (worn)
Jewellery
 j - a ring of magical power (left hand)
Wands
 p - a wand of flame (0/48)
Scrolls
 e - a scroll of blinking {unknown}
 i - a scroll of magic mapping {unknown}
 m - 3 scrolls of remove curse {unknown}
 o - 2 scrolls of random uselessness {unknown}
 s - 6 scrolls of identify {unknown}
 u - a scroll of recharging {unknown}
 v - a scroll of enchant weapon {unknown}
 D - a scroll of fear {unknown}
 F - a scroll of teleportation {unknown}
Potions
 g - 3 potions of agility {unknown}
 l - a potion of magic {unknown}
 q - a potion of lignification {unknown}
 r - 8 potions of curing {unknown}
 z - 3 potions of brilliance {unknown}
 A - 2 potions of flight {unknown}
 B - a potion of mutation {unknown}
 C - a potion of invisibility {unknown}
 H - a potion of heal wounds {unknown}
Comestibles
 f - 3 bread rations
 h - 2 beef jerkies
 k - 2 meat rations
 G - 4 fruits


   Skills:
 - Level 2.6 Fighting
 + Level 8.1 Maces & Flails
 - Level 4.2 Armour
 - Level 3.0 Shields


You had 6 spell levels left.
You didn't know any spells.

Dungeon Overview and Level Annotations

Branches:
Dungeon (5/15)
 Temple: D:4-7


Innate Abilities, Weirdness & Mutations

You have an increased reservoir of magic (+10% MP).
Your attributes are resistant to harm.


Message History

Drink which item? (? for menu, Esc to quit)
You feel very mighty all of a sudden. You block the shadow imp's attack.
The jelly hits you but does no damage. You block the adder zombie's attack.
You are too injured to fight recklessly!
You are too injured to fight recklessly!
You are too injured to fight recklessly!
You are too injured to fight recklessly!
You are too injured to fight recklessly!
You thump the jelly!
You kill the jelly!
You block the shadow imp's attack. The adder zombie bites you.
* * * LOW HITPOINT WARNING * * *
The shadow imp gestures at you.
You struggle to resist.
You hit the shadow imp but do no damage.
The adder zombie closely misses you. The shadow imp gestures at you.
Pain shoots through your body!
You die...

### ####### #..
.......
#.####.#######
.......
..#....Z.5......
####### #.# #@#
#.######.###.#
#.##.........#
#.##.###.#####
########.##.#
#.#
#.....##.##.#
#.#
##.###.##.##.#
#.# ...#
#.......# #..
##.###......##
###


You could see a shadow imp and an adder zombie.

Vanquished Creatures
  Edmund (D:5)
  An ogre (D:4)
  Blork the orc (D:5)
  A howler monkey (D:4)
  A crimson imp (D:3)
  2 orc priests (D:4)
  3 hounds
  2 jellies (D:5)
  4 orc wizards (D:4)
  An iguana (D:4)
  Jessica (D:2)
  Terence (D:2)
  A worker ant (D:4)
  A hound skeleton (D:4)
  7 adders
  3 gnolls (D:2)
  6 river rats
  2 oozes
  4 worms
  3 dart slugs
  4 giant geckos
  10 orcs
  9 bats
  5 giant cockroaches
  8 goblins
  5 hobgoblins
  3 jackals
  30 kobolds
  5 quokkas
  5 ball pythons (Sewer)
  5 giant newts
  32 rats
167 creatures vanquished.

Notes
Turn   | Place    | Note
--------------------------------------------------------------
     0 | D:1      | Jerry the Demigod Fighter began the quest for the Orb.
     0 | D:1      | Reached XP level 1. HP: 18/18 MP: 3/3
   178 | D:1      | Reached skill level 2 in Maces & Flails
   401 | D:1      | Reached XP level 2. HP: 25/25 MP: 4/4
   859 | D:2      | Noticed Terence
   873 | D:2      | Killed Terence
   873 | D:2      | Reached XP level 3. HP: 20/30 MP: 5/5
  1259 | D:2      | Found a blossoming altar of Fedhas.
  1302 | D:2      | Found a sparkling altar of Nemelex Xobeh.
  1382 | D:2      | Reached skill level 3 in Maces & Flails
  1385 | D:2      | Reached XP level 4. HP: 37/37 MP: 6/6
  1459 | D:2      | Found an iron altar of Okawaru.
  1578 | D:2      | Noticed Jessica
  1588 | D:2      | Killed Jessica
  2307 | D:3      | Reached XP level 5. HP: 36/42 MP: 7/7
  2549 | D:3      | Reached skill level 4 in Maces & Flails
  2584 | D:3      | Found a glowing drain.
  2589 | Sewer    | Entered a sewer
  3799 | D:3      | Reached skill level 5 in Maces & Flails
  3799 | D:3      | Reached XP level 6. HP: 50/50 MP: 8/8
  4593 | D:4      | HP: 2/50 [orc priest/divine providence (9)]
  4599 | D:4      | HP: 1/50 [orc/whip (2)]
  4925 | D:4      | Reached skill level 6 in Maces & Flails
  5164 | D:4      | Reached XP level 7. HP: 56/56 MP: 9/9
  5183 | D:4      | Found a shadowy altar of Dithmenos.
  5555 | D:4      | Reached skill level 7 in Maces & Flails
  6088 | D:5      | Entered Level 5 of the Dungeon
  6216 | D:5      | Noticed Edmund
  6227 | D:5      | Killed Edmund
  6239 | D:5      | Noticed Blork the orc
  6250 | D:5      | Killed Blork the orc
  6359 | D:5      | Reached skill level 8 in Maces & Flails
  6527 | D:5      | Killed from afar by a shadow imp

Skill      XL: |  1  2  3  4  5  6  7 |
---------------+----------------------+-----
Maces & Flails | 2 3 5 6 8 |  8.1
Armour         | 3 4 |  4.2
Shields        | 3 |  3.0
Fighting       | |  2.6

Action                   |  1- 3 |  4- 6 |  7- 9 || total
-------------------------+-------+-------+-------++-------
Melee: Flail             |    40 |       |       ||    40
       Whip              |    77 |    24 |       ||   101
       Mace              |       |   405 |   113 ||   518
Evoke: Wand              |     4 |     3 |       ||     7
  Use: Potion            |     1 |     3 |     2 ||     6
  Eat: Chunk             |     1 |    12 |     6 ||    19
Armor: Scale mail        |    47 |   224 |    39 ||   310
Dodge: Dodged            |    32 |   131 |    26 ||   189
Block: Shield            |    64 |   225 |    47 ||   336
